 Dungeon Crawl Stone Soup version 0.19.4 (console) character file.

8552 Kloppie the Cleaver (level 11, -5/95 HPs)
             Began as a Ghoul Berserker on Jan 31, 2017.
             Was an Elder of Trog.
             Slain by an orc warrior
             ... wielding a +0 flail
              (15 damage)
             ... on level 9 of the Dungeon.
             The game lasted 00:13:01 (7241 turns).

Kloppie the Cleaver (Ghoul Berserker)               Turns: 7241, Time: 00:13:01

Health: -5/95      AC: 18    Str: 24    XL:     11   Next: 32%
Magic:  10/10      EV:  9    Int:  6    God:    Trog [****..]
Gold:   215        SH:  0    Dex:  8    Spells: 0 memorised, 10 levels left

rFire  . . .     SeeInvis .     a - +5 broad axe (chop)
rCold  + . .     Gourm    .     r - +1 chain mail
rNeg   + + +     Faith    .     (no shield)
rPois  ∞         Spirit   .     n - +2 helmet {Int+3}
rElec  .         Reflect  .     (no cloak)
rCorr  .         Harm     .     (no gloves)
MR     +....                    (no boots)
Stlth  ..........               (no amulet)
                                p - +3 ring of protection
                                i - ring of protection from magic

@: rotting
A: rotting body, claws 1, carnivore 3, cold resistance 1, negative energy
resistance 3, slow regeneration 1, torment resistance, unbreathing
a: Trog's Hand, Brothers in Arms, Burn Spellbooks, Renounce Religion


You were on level 9 of the Dungeon.
You worshipped Trog.
Trog was greatly pleased with you.
You were not hungry.

You visited 1 branch of the dungeon, and saw 9 of its levels.

You collected 445 gold pieces.
You spent 230 gold pieces at shops.

Inventory:

Hand Weapons
 a - a +5 broad axe of chopping (weapon)
 d - a +0 battleaxe
 s - a +2 morningstar of protection
Armour
 n - a +2 helmet of intelligence (worn)
 r - a +1 chain mail (worn)
Jewellery
 i - a ring of protection from magic (left claw)
 k - an uncursed ring of protection from fire
 l - an uncursed ring of see invisible
 p - a +3 ring of protection (right claw)
 y - an uncursed ring of protection from cold
Wands
 m - a wand of lightning (8/15)
 u - a wand of iceblast (6/15)
 B - a wand of confusion (20/48)
Scrolls
 b - 9 scrolls of identify
 e - 3 scrolls of magic mapping
 g - 2 scrolls of blinking
 j - 3 scrolls of remove curse
 o - 2 scrolls of enchant armour
 q - a scroll of fear
 v - 2 scrolls of teleportation
 w - 2 scrolls of random uselessness
 z - a scroll of fog
Potions
 x - a potion of curing
 C - a potion of resistance
Comestibles
 c - 5 meat rations
 f - 2 beef jerkies
 t - 2 slices of pizza
 A - 10 royal jellies


   Skills:
 * Level 8.7 Fighting
 + Level 12.4 Axes
 - Level 8.9 Armour
 - Level 1.7 Dodging


You had 10 spell levels left.
You didn't know any spells.

Dungeon Overview and Level Annotations

Branches:
Dungeon (9/15)             Temple (0/1) D:6             Orc (0/2) D:9
   Lair: D:8-11

Altars:
Dithmenos
Hepliaklqana
Okawaru
Ru
Sif Muna
Vehumet
Zin
Beogh

Shops:
D:6 (   D:7 [%   D:8 ?([

Annotations:
D:3 loom's ghost, amateur DECj


Innate Abilities, Weirdness & Mutations

Your body is rotting away.
You thrive on raw meat.
You are immune to poison.
You have sharp fingernails.
You are carnivorous and can eat meat at any time.
Your flesh is cold resistant. (rC+)
You are immune to negative energy. (rN+++)
You regenerate slowly when monsters are visible.
You are immune to unholy pain and torment.
You can survive without breathing.


Message History

You slash the orc priest!
The orc priest is almost dead.
You slash the orc!
You kill the orc!
Trog accepts your kill.
The orc throws a tomahawk.
The tomahawk hits you but does no damage.
Cornered, the orc warrior turns to fight!
The orc priest barely misses you.
Your chain mail prevents you from hitting the orc priest.
The orc priest is almost dead.
The orc shouts!
The orc throws a tomahawk.
The tomahawk misses you.
The orc priest looks braver for a moment.
You hit the orc priest.
You kill the orc priest!
Trog accepts your kill.
Your resistance to elements expires.
The orc warrior hits you with a flail!
You die...

...o... #.# ._..⌠.. #. .....o. #
#.####### ...oo o######.......#
####8'8##.#............# ##
......o)....####..###..# .# ##
#)#o#.# ##...###..# .#
....#.(o#.# #.....##... .#
#...(@..# ##...####.# .#
#####.### ##..####.# .# #.#
#.......# .### ###.### #.#####..
...## #.....# ##'## #.# ..(.#
#.#.#.# ##...## #.# ###.# #...#.#
##.....###.# # #.#
#..##.###.......##.#
###.##########.....##.........#.#


You could see an orc warrior and 5 orcs.

Vanquished Creatures
  Erolcha (D:9)
  Pikel (D:8)
  The ghost of 69ning69 the Cleaver, a novice HOFi (D:6)
  Sigmund (D:4)
  A hungry ghost (D:7)
  Grum (D:9)
  7 orc warriors
  A sky beast (D:8)
  A phantom (D:4)
  2 black bears
  4 wolves (D:9)
  2 ogres
  A centaur (D:6)
  5 bullfrogs
  3 scorpions
  4 killer bees (D:9)
  3 howler monkeys (D:8)
  3 crimson imps
  7 hounds
  9 orc priests
  7 orc wizards
  A centaur skeleton (D:4)
  4 jellies
  3 iguanas
  3 worker ants
  A hound zombie (D:8)
  7 gnolls
  5 adders
  A shadow imp (D:7)
  5 oozes (D:8)
  An adder skeleton (D:5)
  2 worms
  2 dart slugs
  5 leopard geckos
  38 orcs
  A bat (D:1)
  9 giant cockroaches
  5 goblins
  5 hobgoblins
  3 jackals (D:2)
  5 kobolds
  4 quokkas
  3 ball pythons
  3 frilled lizards
  8 rats
189 creatures vanquished.

Vanquished Creatures (others)
  An orc priest (D:8)
  An adder (D:8)
  An adder zombie (D:8)
  2 orcs (D:8)
  A bat (D:3)
6 creatures vanquished.

Grand Total: 195 creatures vanquished

Notes
Turn   | Place    | Note
-------+----------+-------------------------------------------
     0 | D:1      | Kloppie the Ghoul Berserker began the quest for the Orb.
     0 | D:1      | Reached XP level 1. HP: 19/19 MP: 0/0
   318 | D:1      | Reached XP level 2. HP: 13/26 MP: 1/1
   500 | D:1      | Reached skill level 3 in Axes
   690 | D:1      | Reached XP level 3. HP: 27/33 MP: 2/2
   978 | D:2      | Found a faded altar of an unknown god.
   980 | D:2      | Reached ** piety under Trog
  1189 | D:2      | Reached XP level 4. HP: 27/41 MP: 3/3
  1196 | D:2      | Found a glowing silver altar of Zin.
  1997 | D:3      | Noticed loom's ghost (amateur DECj)
  2013 | D:3      | HP: 1/41 [loom's ghost/magic dart (6)]
  2305 | D:4      | Reached skill level 5 in Fighting
  2412 | D:4      | Noticed a phantom
  2465 | D:4      | Killed a phantom
  2465 | D:4      | Reached XP level 5. HP: 22/49 MP: 4/4
  2527 | D:4      | Reached skill level 4 in Axes
  2549 | D:4      | Reached XP level 6. HP: 29/57 MP: 5/5
  2614 | D:4      | Found a deep blue altar of Sif Muna.
  2616 | D:4      | Noticed Sigmund
  2644 | D:4      | Killed Sigmund
  2644 | D:4      | Reached XP level 7. HP: 54/66 MP: 6/6
  2649 | D:4      | Found a radiant altar of Vehumet.
  2649 | D:4      | Found a hazy altar of Hepliaklqana.
  3121 | D:5      | Entered Level 5 of the Dungeon
  3136 | D:5      | Found an iron altar of Okawaru.
  3181 | D:5      | Reached skill level 5 in Axes
  3330 | D:5      | Found a shadowy altar of Dithmenos.
  3504 | D:5      | Found a glowing silver altar of Zin.
  3780 | D:5      | Found a sacrificial altar of Ru.
  3840 | D:5      | Reached XP level 8. HP: 18/73 MP: 7/7
  4159 | D:6      | Found a staircase to the Ecumenical Temple.
  4216 | D:6      | Noticed 69ning69's ghost (novice HOFi)
  4585 | D:6      | Killed 69ning69's ghost
  4585 | D:6      | Reached skill level 6 in Axes
  4585 | D:6      | Reached skill level 5 in Armour
  4668 | D:6      | Found Meafikh's Antique Weapon Boutique.
  4677 | D:6      | Bought a glowing broad axe for 230 gold pieces
  4865 | D:7      | Found a flagged portal.
  4962 | D:7      | Identified a scroll of acquirement
  4978 | D:7      | Reached *** piety under Trog
  4982 | D:7      | Reached XP level 9. HP: 74/78 MP: 8/8
  5012 | D:7      | Found Loabb's Food Shoppe.
  5231 | D:7      | Found Metacw's Antique Armour Emporium.
  5565 | D:7      | Reached skill level 7 in Axes
  5671 | D:7      | You fall through a shaft!
  5680 | D:8      | Found Yvoekina's Weapon Shoppe.
  5683 | D:8      | Found Ysaat's Magic Scroll Emporium.
  5765 | D:8      | Noticed Pikel
  5790 | D:8      | Killed Pikel
  5843 | D:8      | Found Axtoanus's Antique Armour Boutique.
  5900 | D:8      | Reached skill level 12 in Axes
  5900 | D:8      | Reached XP level 10. HP: 86/86 MP: 9/9
  6216 | D:8      | Reached **** piety under Trog
  6223 | D:8      | Reached XP level 11. HP: 84/92 MP: 10/10
  6766 | D:9      | Noticed Grum
  6786 | D:9      | Killed Grum
  6981 | D:9      | Noticed Erolcha
  6993 | D:9      | Killed Erolcha
  7205 | D:9      | Found a roughly hewn altar of Beogh.
  7208 | D:9      | Found a staircase to the Orcish Mines.
  7237 | D:9      | HP: 3/95 [orc priest/divine providence (15)]
  7241 | D:9      | Slain by an orc warrior

Skill      XL: |  1  2  3  4  5  6  7  8  9 10 11 |
---------------+----------------------------------+-----
Axes           | 3 4 5 6 12 | 12.4
Fighting       | 4 5 6 7 8 |  8.7
Armour         | 3 6 8 |  8.9
Dodging        | |  1.7

Action                   |  1- 3 |  4- 6 |  7- 9 | 10-12 || total
-------------------------+-------+-------+-------+-------++-------
Melee: Hand axe          |   112 |   135 |   324 |       ||   571
       Broad axe         |       |       |   145 |   138 ||   283
Invok: Trog's Hand       |       |     2 |     4 |     1 ||     7
  Use: Scroll            |       |     4 |     8 |     1 ||    13
       Potion            |       |     3 |     8 |     1 ||    12
  Eat: Chunk             |     1 |     9 |    49 |    10 ||    69
Armor: Animal skin       |     4 |       |       |       ||     4
       Ring mail         |    28 |     4 |       |       ||    32
       Chain mail        |       |    69 |   298 |    83 ||   450
Dodge: Dodged            |    62 |    74 |   202 |    69 ||   407
